AoeStats
← nicolasbsl52

Black Forest

509894138Analyzed
2v2 RM · 5d ago on Sep 28, 2026· 62m 47s· 4 players
Game mode
Random Map
Map size
Medium (4 player)
Population
200
Speed
Normal
Resources
Standard
Victory
Conquest
Starting age
Dark Age
Ending age
Imperial Age
RankedLock teamsTeams togetherTeam positionsShared explorationLock speedFull tech treeHidden civsTurbo modeCheats
Victory
Defeat
🇨🇿 Bohemians · Czechia
524
+13
🇨🇭 Romans · Switzerland
513
+14
🇪🇸 Khmer · Spain
487
-14
🇬🇧 Maya · United Kingdom
443
-13
Chrisjohn09
1:40 Loom
11:31 Feudal Age
13:08 Double-Bit Axe
19:41 Castle Age
21:31 Wheelbarrow
21:40 Horse Collar
28:29 Stone Mining
32:16 Bow Saw
33:11 Crossbowman
41:09 Imperial Age
38:56 Hand Cart
38:37 Fletching
38:48 Padded Archer Armor
39:00 Thumb Ring
39:20 Pikeman
40:14 Bodkin Arrow
40:34 Leather Archer Armor
40:24 Scale Mail Armor
40:37 Heavy Plow
41:41 Arbalester
42:58 Ring Archer Armor
42:30 Bracer
43:00 Chain Mail Armor
42:59 Gold Mining
43:45 Stone Shaft Mining
45:32 Two-Man Saw
44:10 Halberdier
44:52 Squires
47:18 Caravan
47:19 Eagle Warrior
48:51 Holcans
49:02 Elite Eagle Warrior
50:46 Hoardings
51:55 Chemistry
51:05 Fortified Wall
51:16 Ballistics
52:27 Plate Mail Armor
52:10 Forging
56:31 Elite Plumed Archer
Termenta
0:28 Loom
14:49 Feudal Age
16:20 Wheelbarrow
15:35 Double-Bit Axe
15:43 Gold Mining
15:44 Stone Mining
15:37 Horse Collar
21:16 Town Watch
24:07 Castle Age
25:05 Hand Cart
25:11 Bow Saw
26:33 Town Patrol
32:40 Murder Holes
33:07 Ballistics
34:13 Gold Shaft Mining
38:20 Imperial Age
38:04 Caravan
39:06 Masonry
39:52 Heavy Plow
40:14 Tusk Swords
40:37 Conscription
44:02 Double Crossbow
46:02 Chemistry
45:11 Siege Engineers
44:52 Capped Ram
46:00 Pikeman
46:26 Arson
47:47 Crop Rotation
48:20 Architecture
48:07 Fortified Wall
50:14 Elite Ballista Elephant
51:46 Guard Tower
51:59 Padded Archer Armor
52:09 Forging
51:50 Fletching
52:00 Scale Mail Armor
52:06 Scale Barding Armor
52:47 Hoardings
52:59 Elite Battle Elephant
55:14 Husbandry
55:25 Bloodlines
58:06 Onager
nicolasbsl52
13:10 Feudal Age
19:59 Double-Bit Axe
20:00 Horse Collar
23:57 Castle Age
25:19 Bow Saw
25:45 Heavy Plow
30:50 Caravan
34:18 Town Watch
34:20 Loom
38:07 Imperial Age
36:26 Masonry
36:26 Fortified Wall
38:50 Heavy Scorpion
43:47 Conscription
44:06 Fletching
44:17 Padded Archer Armor
44:18 Scale Mail Armor
44:29 Forging
44:25 Scale Barding Armor
43:46 Light Cavalry
44:27 Husbandry
44:38 Bloodlines
44:28 Gold Mining
44:29 Stone Mining
45:28 Crop Rotation
46:39 Architecture
47:11 Chemistry
46:09 Murder Holes
46:53 Ballistics
46:50 Guard Tower
47:53 Ballistas
48:30 Comitatenses
50:42 Bodkin Arrow
51:04 Leather Archer Armor
51:05 Chain Mail Armor
51:26 Iron Casting
51:12 Chain Barding Armor
Rendys_XII
0:31 Loom
16:10 Feudal Age
16:37 Double-Bit Axe
16:35 Horse Collar
18:48 Arson
24:13 Castle Age
25:23 Heavy Plow
25:36 Bow Saw
28:46 Ballistics
28:17 Guard Tower
28:52 Herbal Medicine
29:42 Redemption
29:44 Fervor
30:12 Forging
31:03 Fortified Wall
31:22 Town Watch
32:12 Wheelbarrow
32:39 Fletching
32:50 Scale Mail Armor
32:50 Padded Archer Armor
34:53 Town Patrol
35:15 Caravan
35:47 Coinage
35:54 Iron Casting
35:26 Scale Barding Armor
36:26 Husbandry
35:47 Light Cavalry
36:49 Devotion
37:09 Sanctity
36:50 Atonement
37:41 Hand Cart
39:27 Chemistry
38:23 Murder Holes
38:39 Masonry
38:58 Heresy
42:52 Imperial Age
42:15 Chain Mail Armor
42:21 Chain Barding Armor
41:57 Bodkin Arrow
42:59 Houfnice
45:42 Blast Furnace
44:42 Bracer
45:54 Banking
45:34 Guilds
48:29 Plate Mail Armor
48:14 Leather Archer Armor
47:29 Cavalier
49:15 Two-Man Saw
48:41 Pikeman
49:21 Squires
50:00 Arrowslits
50:54 Theocracy
50:45 Illumination
50:35 Block Printing
51:02 Architecture
51:39 Ring Archer Armor
50:35 Elite Hussite Wagon
52:42 Wagenburg Tactics
53:15 Faith
53:18 Bombard Tower
53:13 Halberdier
Connection lost

Rejoining the realm…

Still unreachable

The connection could not be restored.

Session expired

The server has moved on; the page needs a fresh start.